 Dungeon Crawl Stone Soup version 0.21-a0-143-g1ab7d47 (webtiles) character file.

7371 drasked the Cleaver (level 10, 0/94 HPs)
             Began as a Minotaur Berserker on July 26, 2017.
             Was a High Priest of Trog.
             Slain by a ten-headed hydra (9 damage)
             ... on level 1 of the Lair of Beasts.
             The game lasted 00:13:56 (7735 turns).

drasked the Cleaver (Minotaur Berserker)            Turns: 7735, Time: 00:13:57

Health: 0/94       AC: 20    Str: 21    XL:     10   Next: 91%
Magic:  9/9        EV:  7    Int:  7    God:    Trog [*****.]
Gold:   439        SH:  0    Dex: 11    Spells: 9/9 levels left

rFire    . . .     SeeInvis .   z - +2 hand axe (elec)
rCold    . . .     Gourm    .   (no shield)
rNeg     + . .     Faith    .   t - +0 plate armour
rPois    +         Spirit   .   (helmet restricted)
rElec    .         Reflect  .   F - +0 cloak
rCorr    .         Harm     .   f - +0 pair of gloves
MR       .....                  r - +1 pair of boots
Stlth    ..........             a - amulet of regeneration {+regen, !d}
HPRegen  0.65/turn              d - ring of poison resistance {rPois, !d}
MPRegen  0.11/turn              G - ring of positive energy {rN+}

@: no status effects
A: retaliatory headbutt, horns 2
a: Berserk, Trog's Hand, Brothers in Arms, Burn Spellbooks, Renounce Religion


You were on level 1 of the Lair of Beasts.
You worshipped Trog.
Trog was extremely pleased with you.
You were not hungry.

You visited 2 branches of the dungeon, and saw 12 of its levels.

You collected 439 gold pieces.

Inventory:

Hand Weapons
 z - a +2 hand axe of electrocution (weapon)
   (You took it off an orc on level 4 of the Dungeon)
Armour
 f - a +0 pair of gloves (worn)
   (You found it on level 1 of the Dungeon)
 r - a +1 pair of boots (worn)
   (You found it on level 3 of the Dungeon)
 t - a +0 plate armour (worn)
   (You found it on level 6 of the Dungeon)
 F - a +0 cloak (worn)
   (You found it on level 5 of the Dungeon)
 S - a +2 pair of gloves
   (You found it on level 1 of the Lair of Beasts)
Jewellery
 a - an amulet of regeneration (around neck) {+regen, !d}
   (You found it on level 6 of the Dungeon)
 d - a ring of poison resistance (left hand) {rPois, !d}
   (You found it on level 1 of the Dungeon)
 k - a +4 ring of strength
   (You found it on level 2 of the Dungeon)
 G - a ring of positive energy (right hand) {rN+}
   (You found it on level 7 of the Dungeon)
 R - an uncursed ring of fire {unknown}
   (You found it on level 10 of the Dungeon)
Wands
 u - a wand of paralysis (17/24)
   (You found it on level 3 of the Dungeon)
 J - a wand of paralysis (11/24)
   (You found it on level 8 of the Dungeon)
 O - a wand of polymorph (7/24)
   (You found it on level 8 of the Dungeon)
 P - a wand of confusion (24/48)
   (You found it on level 9 of the Dungeon)
Scrolls
 b - a scroll of immolation {unknown}
 e - 2 scrolls of recharging
 g - 5 scrolls of teleportation {unknown}
 i - a scroll of random uselessness {unknown}
 m - 2 scrolls of blinking {unknown}
 n - 7 scrolls of identify {unknown}
 q - a scroll of enchant armour
 A - 3 scrolls of remove curse
 B - 2 scrolls of fear {unknown}
 D - 2 scrolls of enchant weapon {unknown}
 I - a scroll of magic mapping {unknown}
Potions
 j - a potion of curing {unknown}
 l - 3 potions of flight {unknown}
 o - a potion of degeneration {unknown}
 p - a potion of agility {unknown}
 s - a potion of haste {unknown}
 v - a potion of ambrosia {unknown}
 w - 4 potions of lignification {unknown}
 x - 4 potions of heal wounds {unknown}
 C - 2 potions of cancellation
 E - a potion of resistance {unknown}
 M - a potion of might {unknown}
Books
 y - a book of Maledictions
   (You found it on level 6 of the Dungeon)
 L - a book of Maledictions
   (You found it on level 7 of the Dungeon)
Comestibles
 c - 14 bread rations {@e1}
 h - 5 royal jellies
 H - 3 meat rations {@e2}
 N - 5 fruits
 Q - 3 chunks of flesh {@w0}


   Skills:
 + Level 10.5 Fighting
 * Level 14.0 Axes
 + Level 10.5 Armour
 - Level 2.1 Dodging


You had 9 spell levels left.
You didn't know any spells.

Dungeon Overview and Level Annotations

Branches:
Dungeon (11/15)            Temple (0/1) D:5            Lair (1/6) D:10
    Orc (0/2) D:10

Altars:
Ashenzari
Dithmenos
Fedhas
Gozag
Hepliaklqana
Kikubaaqudgha
Makhleb
Qazlal
Ru
Sif Muna
Trog
Uskayaw
Vehumet
Xom
Zin

Shops:
D:7 *


Innate Abilities, Weirdness & Mutations

You reflexively headbutt those who attack you in melee.
You have a pair of horns on your head.


Message History

Autoeating chunks.
Eating one of 5 chunks of flesh {@w0}.
You eat one of the 5 chunks of flesh {@w0}.
You start resting.
Health restored: 94 You start waiting.
Eating one of 4 chunks of flesh {@w0}.
You eat one of the 4 chunks of flesh {@w0}.
You feel yourself speed up.
Done exploring.
Done exploring.
Done exploring.
Done exploring.
Done exploring.
You can't go down here!
You can't go down here!
There is a stone staircase leading down here.
You climb downwards.
There is a stone staircase leading up here.
You climb upwards.
There is a stone staircase leading down here.
(D) Dungeon (T) Temple (L) Lair (O) Orcish Mines
Where to? (Enter - D:10 @ (x,y), ? - help)
What level of the Lair of Beasts? (default 1, ? - help)
You recover from your berserk rage.
There is a staircase to the Lair here.
You climb downwards.
Welcome to the Lair of Beasts!
There is a staircase back to the Dungeon here.
You enter the shallow water.
Moving in this stuff is going to be slow.
You now have 439 gold pieces (gained 16).
S - a pair of glowing gloves You open the door.
There is an open door here.
You see here a chain mail.
You see here 21 bolts.
A bullfrog comes into view.
The bullfrog gives a loud, deep croak!
Found a stone staircase leading down.
You closely miss the bullfrog. Your headbutt misses the bullfrog.
The bullfrog barely misses you.
You hit the bullfrog. You headbutt the bullfrog.
The bullfrog swells and bulges.
The bullfrog barely misses you.
You slash the bullfrog! Lightning courses through the bullfrog!
You kill the bullfrog!
Trog accepts your kill.
A seven-headed hydra comes into view.
The seven-headed hydra roars!
Drop what? 45/52 slots (_ for help) (? for menu, Esc to quit)
You drop a Young Poisoner's Handbook.
The spellbook bursts into flames.
Trog is delighted!
The seven-headed hydra is engulfed in blazing flames.
The seven-headed hydra barely misses you.
The seven-headed hydra bites you!
The seven-headed hydra bites you but does no damage.
The seven-headed hydra barely misses you.
The seven-headed hydra bites you but does no damage. x3
You take 8 damage, and have 86/94 hp.
You slice one of the seven-headed hydra's heads off!
The six-headed hydra grows two more!
You hit the eight-headed hydra.
You hack one of the eight-headed hydra's heads off!
The seven-headed hydra grows two more!
You hit the nine-headed hydra. You headbutt the nine-headed hydra!
The nine-headed hydra is engulfed in blazing flames.
The nine-headed hydra bites you but does no damage. x7
The nine-headed hydra completely misses you.
The nine-headed hydra bites you but does no damage.
You barely miss the nine-headed hydra.
The nine-headed hydra is engulfed in blazing flames.
The nine-headed hydra bites you! x2; The nine-headed hydra bites you.
The nine-headed hydra bites you! The nine-headed hydra bites you.
The nine-headed hydra barely misses you.
The nine-headed hydra bites you! The nine-headed hydra bites you. x2
You take 56 damage, and have 31/94 hp.
MASSIVE DAMAGE!!
You lop one of the nine-headed hydra's heads off!
The eight-headed hydra grows two more!
You hit the ten-headed hydra.
The ten-headed hydra is engulfed in blazing flames.
The ten-headed hydra bites you but does no damage. x3
The ten-headed hydra bites you. x2
* * * LOW HITPOINT WARNING * * *
The ten-headed hydra bites you but does no damage. x2
The ten-headed hydra bites you.
* * * LOW HITPOINT WARNING * * *
The ten-headed hydra bites you but does no damage.
The ten-headed hydra bites you!
* * * LOW HITPOINT WARNING * * *
You take 15 damage, and have 16/94 hp.
The ten-headed hydra is engulfed in blazing flames.
The ten-headed hydra bites you but does no damage. x6
The ten-headed hydra completely misses you.
The ten-headed hydra bites you but does no damage.
The ten-headed hydra bites you!
* * * LOW HITPOINT WARNING * * *
The ten-headed hydra bites you but does no damage.
You take 7 damage, and have 9/94 hp.
It was a potion of cancellation.
You feel magically purged. The ten-headed hydra bites you!
You die...

##[# #.#
#.# #.#
#.# #.#
#.# ##(#
#.@# ##D#
###..##
#.....#
#.....#
#......#
......##
.#.....#
..##.####


You could see a ten-headed hydra.

Vanquished Creatures
  3 two-headed ogres
  A centaur skeleton (D:10)
  A spriggan (D:7)
  9 yaks
  The ghost of B1inky the Slasher, an amateur OpBe of Trog (D:3)
  4 orc warriors
  4 sky beasts
  4 ogres
  2 eyes of draining
  A necrophage (D:7)
  2 ice beasts
  A phantom (D:10)
  4 centaurs
  A big kobold (D:9)
  4 bullfrogs
  A wyvern zombie (D:8)
  5 howler monkeys
  2 crimson imps
  2 bullfrog zombies
  A centaur zombie (D:10)
  5 hounds
  8 orc priests
  4 orc wizards
  A bullfrog skeleton (D:7)
  3 iguanas
  5 worker ants
  A hound skeleton (D:6)
  2 worker ant zombies
  A howler monkey skeleton (D:9)
  4 gnolls (D:5)
  8 adders
  A shadow imp (D:9)
  An ooze (D:7)
  2 adder zombies
  2 worms (D:6)
  6 leopard geckos
  42 orcs
  2 bat zombies (D:7)
  4 giant cockroaches
  5 goblins
  2 hobgoblins (D:2)
  6 jackals
  14 kobolds
  3 quokkas
  2 ball pythons
  3 bats
  3 frilled lizards
  A leopard gecko skeleton (D:4)
  A leopard gecko zombie (D:6)
  6 rats
  A rat zombie (D:7)
202 creatures vanquished.

Notes
Turn   | Place    | Note
-------+----------+-------------------------------------------
     0 | D:1      | drasked the Minotaur Berserker began the quest for the Orb.
     0 | D:1      | Reached XP level 1. HP: 19/19 MP: 0/0
   219 | D:1      | Reached skill level 4 in Axes
   262 | D:1      | Reached XP level 2. HP: 27/27 MP: 1/1
   687 | D:2      | Found a shimmering altar of Xom.
   687 | D:2      | Noticed an angel
   688 | D:2      | Found a glowing silver altar of Zin.
   773 | D:2      | Reached skill level 3 in Armour
  1160 | D:2      | Found a deep blue altar of Sif Muna.
  1253 | D:2      | Found a hazy altar of Hepliaklqana.
  1336 | D:3      | Reached XP level 3. HP: 29/33 MP: 2/2
  1487 | D:3      | Found a sacrificial altar of Ru.
  1805 | D:3      | Noticed B1inky's ghost (amateur OpBe)
  1811 | D:3      | Killed B1inky's ghost
  1811 | D:3      | Reached skill level 4 in Fighting
  1811 | D:3      | Reached skill level 5 in Axes
  1811 | D:3      | Reached XP level 4. HP: 41/41 MP: 3/3
  1811 | D:3      | Reached XP level 5. HP: 47/47 MP: 4/4
  1941 | D:4      | Reached ** piety under Trog
  2042 | D:4      | Reached skill level 6 in Axes
  2042 | D:4      | Reached skill level 4 in Armour
  2043 | D:4      | Noticed an eye of draining
  2060 | D:4      | Killed an eye of draining
  2060 | D:4      | Reached skill level 5 in Fighting
  2060 | D:4      | Reached XP level 6. HP: 54/56 MP: 5/5
  2061 | D:4      | Found a bloodstained altar of Trog.
  2278 | D:4      | Reached skill level 7 in Axes
  2527 | D:4      | Reached skill level 5 in Armour
  2533 | D:4      | Noticed an orc warrior
  2547 | D:4      | Killed an orc warrior
  2547 | D:4      | Reached XP level 7. HP: 31/62 MP: 6/6
  2548 | D:4      | Reached *** piety under Trog
  2930 | D:5      | Entered Level 5 of the Dungeon
  2938 | D:5      | Reached skill level 6 in Fighting
  2960 | D:5      | Found an opulent altar of Gozag.
  3113 | D:5      | Reached skill level 8 in Axes
  3193 | D:5      | Reached skill level 6 in Armour
  3398 | D:5      | Found a staircase to the Ecumenical Temple.
  3590 | D:6      | Reached XP level 8. HP: 71/71 MP: 7/7
  3634 | D:6      | Found a shadowy altar of Dithmenos.
  3683 | D:6      | Reached skill level 9 in Axes
  3750 | D:6      | Got a warped dagger
  3751 | D:6      | Identified the +2 dagger of Defilement {flame, +Rage rF- Dex+3} (You found it on level 6 of the Dungeon)
  3860 | D:6      | Reached skill level 7 in Fighting
  3996 | D:6      | Found a radiant altar of Vehumet.
  3999 | D:6      | Found a shattered altar of Ashenzari.
  4002 | D:6      | Found a burning altar of Makhleb.
  4256 | D:7      | Reached skill level 7 in Armour
  4275 | D:7      | Reached skill level 10 in Axes
  4444 | D:7      | Reached **** piety under Trog
  4468 | D:7      | Found Leutot's General Store.
  4688 | D:7      | Reached XP level 9. HP: 81/81 MP: 8/8
  4690 | D:7      | Reached skill level 8 in Fighting
  4823 | D:7      | Found an ancient bone altar of Kikubaaqudgha.
  5042 | D:7      | Reached skill level 11 in Axes
  5246 | D:8      | Noticed a two-headed ogre
  5247 | D:8      | Found a hide-covered altar of Uskayaw.
  5247 | D:8      | Found a blossoming altar of Fedhas.
  5251 | D:8      | Killed a two-headed ogre
  5251 | D:8      | Reached skill level 8 in Armour
  5352 | D:8      | Reached skill level 9 in Fighting
  5551 | D:8      | Noticed a two-headed ogre
  5556 | D:8      | Killed a two-headed ogre
  5556 | D:8      | Reached skill level 12 in Axes
  5556 | D:8      | Reached skill level 9 in Armour
  5556 | D:8      | Reached XP level 10. HP: 91/91 MP: 9/9
  5747 | D:8      | Found a stormy altar of Qazlal.
  6304 | D:9      | Reached ***** piety under Trog
  6386 | D:9      | Reached skill level 13 in Axes
  6685 | D:10     | Entered Level 10 of the Dungeon
  6749 | D:10     | Found a staircase to the Orcish Mines.
  6749 | D:10     | Found a staircase to the Lair.
  7204 | D:10     | Reached skill level 10 in Fighting
  7309 | D:10     | Reached skill level 10 in Armour
  7574 | D:10     | Noticed a two-headed ogre
  7582 | D:10     | Killed a two-headed ogre
  7582 | D:10     | Reached skill level 14 in Axes
  7669 | Lair:1   | Entered Level 1 of the Lair of Beasts
  7719 | Lair:1   | Noticed a seven-headed hydra
  7733 | Lair:1   | HP: 16/94 [ten-headed hydra (8)]
  7735 | Lair:1   | Slain by a ten-headed hydra

Vault maps used:
D:1:      lemuel_arrival_hallway
D:2:      kennysheep_big_flooded_room, grunt_temple_overflow_order_and_chaos_1,
          led_sif_pool, nicolae_overflow_hidden_temple, kennysheep_crisscross
D:3:      first_bread, nrook_mini_vaults, hangedman_ru_absence
D:4:      trog_eyes_of_draining
D:5:      minmay_temple_entry_nine_rooms, grunt_gozag_statues
D:6:      old_standard_altar, grunt_temple_overflow_diamond,
          columned_hall_lemuel
D:7:      lemuel_zombie_altar_kikubaaqudgha, serial_shops, kennysheep_mini_moat,
          serial_co_window_serial, co_window_corner_a, co_window_corner_a,
          co_window_paths_a, co_window_corner_a, co_window_corner_a,
          co_window_broadway_a, co_window_2corner, co_window_of_opportunity_b,
          co_window_4corner_a, co_window_paths_d, the_bakery
D:8:      chequers_temple_overflow_statue_of_worship,
          nicolae_overflow_crystal_walls
D:9:      serial_glass, glass_columns_a, glass_columns_a
D:10:     lair_entry_dummy, orc_0_dummy, roderic_lattice_a
D:11:     serial_shops, kennysheep_little_box, kennysheep_mini, shop,
          shop_statue, minmay_pinched_square
Lair:1:   infiniplex_staircase_pool_2, grunt_megastairs_4

Skill      XL: |  1  2  3  4  5  6  7  8  9 10 |
---------------+-------------------------------+-----
Axes           | 4 5 6 7 8 10 12 14 | 14.0
Armour         | 3 4 5 6 7 9 10 | 10.5
Fighting       | 4 5 6 7 9 10 | 10.5
Dodging        | |  2.1

Action                   |  1- 3 |  4- 6 |  7- 9 | 10-12 || total
-------------------------+-------+-------+-------+-------++-------
Melee: Hand axe          |    43 |    85 |   177 |   145 ||   450
       Headbutt          |     2 |    17 |    39 |    40 ||    98
Invok: Berserk           |     1 |     2 |     3 |     1 ||     7
       Burn Spellbooks   |       |       |       |     1 ||     1
  Use: Scroll            |       |       |     3 |       ||     3
       Potion            |       |       |       |     1 ||     1
  Eat: Chunk             |     2 |       |    12 |     8 ||    22
       Meat ration       |       |     1 |       |       ||     1
       Fruit             |       |       |       |     1 ||     1
Armor: Animal skin       |     4 |       |       |       ||     4
       Ring mail         |    10 |       |       |       ||    10
       Scale mail        |       |     9 |       |       ||     9
       Chain mail        |       |    21 |    24 |       ||    45
       Plate armour      |       |       |    62 |    80 ||   142
Dodge: Dodged            |    32 |    33 |    55 |    35 ||   155

Vault maps used:
D:1:      lemuel_arrival_hallway
D:2:      kennysheep_big_flooded_room, grunt_temple_overflow_order_and_chaos_1,
          led_sif_pool, nicolae_overflow_hidden_temple, kennysheep_crisscross
D:3:      first_bread, nrook_mini_vaults, hangedman_ru_absence
D:4:      trog_eyes_of_draining
D:5:      minmay_temple_entry_nine_rooms, grunt_gozag_statues
D:6:      old_standard_altar, grunt_temple_overflow_diamond,
          columned_hall_lemuel
D:7:      lemuel_zombie_altar_kikubaaqudgha, serial_shops, kennysheep_mini_moat,
          serial_co_window_serial, co_window_corner_a, co_window_corner_a,
          co_window_paths_a, co_window_corner_a, co_window_corner_a,
          co_window_broadway_a, co_window_2corner, co_window_of_opportunity_b,
          co_window_4corner_a, co_window_paths_d, the_bakery
D:8:      chequers_temple_overflow_statue_of_worship,
          nicolae_overflow_crystal_walls
D:9:      serial_glass, glass_columns_a, glass_columns_a
D:10:     lair_entry_dummy, orc_0_dummy, roderic_lattice_a
D:11:     serial_shops, kennysheep_little_box, kennysheep_mini, shop,
          shop_statue, minmay_pinched_square
Lair:1:   infiniplex_staircase_pool_2, grunt_megastairs_4

Table legend:
 A = Turns spent in this place as a percentage of turns spent in the entire game.
 B = Non-inter-level travel turns spent in this place as a percentage of non-inter-level travel turns spent in the entire game.
 C = Inter-level travel turns spent in this place as a percentage of turns spent in this place.
 D = Turns resting spent in this place as a percentage of non-inter-level travel turns spent in this place.
 E = Turns spent auto-exploring this place as a percentage of non-inter-level travel turns spent in this place.
 F = Non-inter-level travel turns spent in this place divided by the number of levels of this place that you've seen.
                   A       B       C       D       E      F
               +-------+-------+-------+-------+-------+----------------------
         Total | 100.0 | 100.0 |   0.6 |   2.6 |  12.2 | 219.6
       Dungeon |  99.1 |  99.1 |   0.6 |   2.6 |  12.3 | 237.3
          Lair |   0.9 |   0.9 |   0.0 |   0.0 |   8.0 |  25.0
               +-------+-------+-------+-------+-------+----------------------

Table legend:
 A = Kills in this place as a percentage of kills in entire the game.
 B = Kills by you in this place as a percentage of kills by you in the entire game.
 C = Kills by friends in this place as a percentage of kills by friends in the entire game.
 D = Other kills in this place as a percentage of other kills in the entire game.
 E = Experience gained in this place as a percentage of experience gained in the entire game.
 F = Experience gained in this place divided by the number of levels of this place that you have seen.
                   A       B       C       D       E      F
               +-------+-------+-------+-------+-------+----------------------
         Total | 100.0 | 100.0 |  -nan |  -nan | 100.0 | 877.6
       Dungeon |  99.5 |  99.5 |  -nan |  -nan |  99.1 | 948.9
          Lair |   0.5 |   0.5 |  -nan |  -nan |   0.9 |  93.0
               +-------+-------+-------+-------+-------+----------------------
